 Seeded DCSS version 0.29.1-15-g9cfb28693d (webtiles) character file.

Game seed: 6320845443627075161 (custom seed)

5464 bmack86 the Cleaver (level 10, -1/91 HPs)
             Began as a Minotaur Fighter on Mar 2, 2023.
             Killed from afar by an electric eel (13 damage)
             ... with a bolt of electricity
             ... on level 10 of the Dungeon.
             The game lasted 00:13:57 (6909 turns).

bmack86 the Cleaver (Minotaur Fighter)              Turns: 6909, Time: 00:13:58

Health: -1/91      AC: 21    Str: 25    XL:     10   Next: 41%
Magic:  9/9        EV:  7    Int:  1    God:
Gold:   1242       SH:  7    Dex: 20    Spells: 9/9 levels left

rFire   . . .      SeeInvis .   a - +1 war axe (vorpal)
rCold   + + .      Faith    .   c - +0 buckler
rNeg    . . .      Spirit   .   i - +0 plate armour
rPois   +          Reflect  .   n - +1 hat {Stlth+}
rElec   .          Harm     .   u - +2 cloak {rPois}
rCorr   .          Rampage  .   F - +0 pair of gloves
Will    +....                   E - +0 pair of boots
Stlth   ..........              (no amulet)
HPRegen 0.25/turn               p - ring "Dipeng" {rC++ Will+ Int-4 Dex+4}
MPRegen 0.11/turn               A - +6 ring of dexterity

@: no status effects
A: horns 2, retaliatory headbutt
a: no special abilities


You were on level 10 of the Dungeon.
You visited 1 branch of the dungeon, and saw 8 of its levels.

You collected 1242 gold pieces.

Inventory:

Hand Weapons
 a - a +1 vorpal war axe (weapon)
 I - a +0 war axe
Missiles
 h - 37 poisoned darts (quivered)
 M - 6 javelins
Armour
 c - a +0 buckler (worn)
 i - a +0 plate armour (worn)
 n - a +1 hat of stealth (worn)
 u - a +2 cloak of poison resistance (worn)
 E - a +0 pair of boots (worn)
 F - a +0 pair of gloves (worn)
Jewellery
 p - the ring "Dipeng" (left hand) {rC++ Will+ Int-4 Dex+4}
   (You acquired it on level 2 of the Dungeon)

   [ring of willpower]

   Int:       It affects your intelligence (-4).
   Dex:       It affects your dexterity (+4).
   rC:        It greatly protects you from cold.
   Will:      It increases your willpower.
 s - a ring of magical power
 A - a +6 ring of dexterity (right hand)
 D - a ring of willpower
 H - a ring of resist corrosion
 J - a ring of protection from fire
Wands
 q - a wand of flame (42)
 v - a wand of mindburst (15)
 B - a wand of digging (5)
 N - a wand of roots (6)
Scrolls
 b - 2 scrolls of amnesia {unknown}
 e - 7 scrolls of teleportation {unknown}
 j - 2 scrolls of magic mapping {unknown}
 m - 2 scrolls of vulnerability {unknown}
 r - 7 scrolls of identify {unknown}
 t - 2 scrolls of blinking {unknown}
 x - 2 scrolls of noise {unknown}
 y - a scroll of poison {unknown}
 C - a scroll of silence {unknown}
 K - a scroll of summoning {unknown}
 L - 2 scrolls of butterflies {unknown}
Potions
 d - 3 potions of might
 f - 7 potions of curing
 g - 2 potions of haste {unknown}
 k - 2 potions of resistance {unknown}
 l - 3 potions of brilliance {unknown}
 o - 3 potions of flight {unknown}
 w - 3 potions of degeneration {unknown}
 z - 2 potions of lignification {unknown}
 G - 2 potions of attraction {unknown}


   Skills:
 + Level 9.1 Fighting
 * Level 12.0 Axes
 + Level 9.1 Armour
 + Level 9.1 Shields


You had 9 spell levels left.
You didn't know any spells.
Your spell library contained the following spells:

 Spells                   Type           Power      Damage    Failure   Level
 Freeze                   Ice            0%         1d3       100%        1
 Slow                     Hex            0%         N/A       100%        1
 Confusing Touch          Hex            0%         N/A       100%        3
 Frozen Ramparts          Ice            0%         1d1       100%        3
 Summon Guardian Golem    Hex/Summ       0%         N/A       100%        3
 Vampiric Draining        Necr           0%         2d6       100%        3
 Hailstorm                Conj/Ice       0%         3d3       100%        4
 Orb of Destruction       Conj           0%         9d5       100%        7
 Spellforged Servitor     Conj/Summ      0%         N/A       100%        7


Dungeon Overview and Level Annotations

Branches:
Dungeon (7/15)               Lair (0/5) D:10
 Temple: D:4-7

Altars:
Dithmenos
Elyvilon
Gozag
Hepliaklqana
Qazlal
Ru
Uskayaw
Wu Jian
Xom

Shops:
D:2 :


Innate Abilities, Weirdness & Mutations

You have a pair of horns on your head.
You reflexively headbutt those who attack you in melee.


Message History

You slash the electric eel! You headbutt the electric eel.
The electric eel is almost dead.
You slash the electric eel!
The electric eel shoots out a bolt of lightning at you!
The bolt of electricity hits you!
You closely miss the electric eel.
The electric eel is almost dead.
You slash the electric eel!
You kill the electric eel!
The basilisk gazes at you. You resist with almost no effort.
You miss the electric eel. You headbutt the electric eel.
You kill the electric eel!
The basilisk gazes at you. You resist with almost no effort.
Why would you want to do that?
You enter the shallow water.
Moving in this stuff is going to be slow.
The basilisk gazes at you. You resist with almost no effort.
The electric eel shoots out a bolt of lightning at you!
The bolt of electricity hits you!
The electric eel shoots out a bolt of lightning at you!
The bolt of electricity hits you.
* * * LOW HITPOINT WARNING * * *
The electric eel shoots out a bolt of lightning at you!
The bolt of electricity hits you.
* * * LOW HITPOINT WARNING * * *
The basilisk gazes at you. You resist with almost no effort.
Why would you want to do that?
The electric eel shoots out a bolt of lightning at you!
The bolt of electricity hits you!
* * * LOW HITPOINT WARNING * * *
You barely miss the electric eel. You hit the electric eel.
Your headbutt misses the electric eel.
The electric eel is moderately wounded.
The electric eel shoots out a bolt of lightning at you!
The bolt of electricity hits you!
You die...

...#........ ##...........
.##.#...........
.....................
........≈..........
#......≈≈≈≈≈...... .
#....≈≈≈.!≈≈~.....#
.......#....#...@Sl...=≈≈.....#
.......#....#....≈≈≈.≈≈.......#
.......##..##.....≈≈>≈≈.......#
...........##......≈≈≈........#
.....................~........#
.###..........................#
..#..............[...........#
.............................#
...#.........................#


You could see a basilisk and an electric eel.

Vanquished Creatures
  A two-headed ogre (D:10)
  A komodo dragon (D:10)
  A troll (D:10)
  7 yaks (D:10)
  A steam dragon (D:10)
  Edmund (D:5)
  A water moccasin (D:10)
  2 orc warriors (D:10)
  A sky beast (D:6)
  An ice beast (D:5)
  6 black bears
  An ogre (D:5)
  A centaur (D:7)
  2 kobold brigands
  3 bullfrogs
  2 necrophages
  A gnoll sergeant (D:10)
  3 scorpions
  9 wights
  2 howler monkeys
  2 electric eels (D:10)
  2 hounds
  6 orc priests
  Crazy Yiuf (D:3)
  Ijyb (D:4)
  2 iguanas
  5 orc wizards
  5 gnolls (D:10)
  6 adders
  A worm (D:4)
  5 dart slugs
  29 orcs
  7 ball pythons
  2 endoplasms (D:4)
  A giant cockroach (D:4)
  7 goblins
  3 hobgoblins
  3 quokkas
  5 bats
  A frilled lizard (D:3)
  14 kobolds
  2 rats
157 creatures vanquished.

Vanquished Creatures (others)
  2 fungi (D:10)
  17 plants (D:10)
19 creatures vanquished.

Grand Total: 176 creatures vanquished

Notes
Turn   | Place    | Note
-------+----------+-------------------------------------------
     0 | D:1      | bmack86 the Minotaur Fighter began the quest for the Orb.
     0 | D:1      | Reached XP level 1. HP: 19/19 MP: 0/0
   672 | D:2      | Found Weil's Book Boutique.
   691 | D:2      | Found a faded altar of an unknown god.
   725 | D:2      | Reached XP level 2. HP: 27/27 MP: 1/1
   787 | D:2      | Identified a scroll of acquirement
   787 | D:2      | Acquired the ring "Dipeng" {rC++ Will+ Int-4 Dex+4}
   995 | D:2      | Reached skill level 3 in Axes
  1529 | D:3      | Reached XP level 3. HP: 33/33 MP: 2/2
  1782 | D:3      | Reached skill level 4 in Axes
  1782 | D:3      | Reached XP level 4. HP: 16/40 MP: 3/3
  2028 | D:3      | Found an ornate altar of the Wu Jian Council.
  2169 | D:3      | Found a runed translucent door.
  2170 | D:3      | Noticed Crazy Yiuf
  2543 | D:3      | Killed Crazy Yiuf
  2544 | D:3      | Reached XP level 5. HP: 36/47 MP: 2/4
  2757 | D:4      | Reached skill level 5 in Axes
  2763 | D:4      | Noticed Ijyb
  2776 | D:4      | Killed Ijyb
  2801 | D:4      | Acquired 812 gold pieces
  2822 | D:4      | Reached XP level 6. HP: 29/55 MP: 5/5
  3199 | D:4      | Found a sacrificial altar of Ru.
  3221 | D:4      | Reached skill level 5 in Armour
  3221 | D:4      | Reached skill level 5 in Shields
  3361 | D:4      | Reached skill level 5 in Fighting
  3452 | D:4      | Found a white marble altar of Elyvilon.
  3497 | D:4      | Found a shimmering altar of Xom.
  3499 | D:4      | Found a hazy altar of Hepliaklqana.
  3500 | D:4      | Noticed a spectral ugly thing
  3637 | D:5      | Entered Level 5 of the Dungeon
  3708 | D:5      | Reached skill level 6 in Axes
  3861 | D:5      | Reached XP level 7. HP: 47/61 MP: 6/6
  4205 | D:5      | Noticed Edmund
  4227 | D:5      | Killed Edmund
  4228 | D:5      | Reached skill level 7 in Axes
  4589 | D:5      | Reached XP level 8. HP: 70/70 MP: 7/7
  4665 | D:6      | Found a hide-covered altar of Uskayaw.
  4729 | D:6      | Reached skill level 8 in Axes
  5482 | D:6      | Identified the +1 ring mail of Sorcery {Int+5}
  5682 | D:7      | Reached skill level 9 in Axes
  5750 | D:7      | Found an opulent altar of Gozag.
  5750 | D:7      | Found a stormy altar of Qazlal.
  5750 | D:7      | Found a shadowy altar of Dithmenos.
  5841 | D:7      | Reached XP level 9. HP: 72/79 MP: 8/8
  6003 | D:7      | You fall into a shaft and drop 3 floors!
  6003 | D:10     | Entered Level 10 of the Dungeon
  6005 | D:10     | Noticed a two-headed ogre
  6019 | D:10     | Killed a two-headed ogre
  6020 | D:10     | Reached skill level 10 in Axes
  6076 | D:10     | Reached skill level 11 in Axes
  6505 | D:10     | Reached XP level 10. HP: 85/90 MP: 9/9
  6519 | D:10     | Found a staircase to the Lair.
  6660 | D:10     | Reached skill level 12 in Axes
  6909 | D:10     | Killed from afar by an electric eel

Illustrated notes

Levels and vault maps discovered:
D:1:      dpeg_arrival_lava_temple_mockup, layout_basic
D:2:      layout_loops_ring, shapermc_ecumenical_altar_starsandcircs,
          serial_shops, nicolae_shop_window_shopping
D:3:      layout_loops_ring, pdpol_wu_jian_five_deadly_venoms, corexii_shack,
          uniq_crazy_yiuf_cottage
D:4:      layout_basic, regret_index_temple_of_mockery, hangedman_ru_absence,
          lemuel_tele_altar, uniq_ijyb
D:5:      layout_loops_cross, uniq_edmund
D:6:      layout_cave_pods, amcnicky_altar_gilded
D:7:      layout_cave_pools, gammafunk_temple_overflow_claw,
          minmay_temple_entry_statues_pillars, serial_shops,
          nicolae_shop_statue_plus
D:10:     layout_cave_pools, nicolae_vehumet_altar_sigil,
          due_lair_maze_entry_diamond, kennysheep_minor_cross, dk_vineyard_3,
          disabler_island

Skill      XL: |  1  2  3  4  5  6  7  8  9 10 |
---------------+-------------------------------+-----
Axes           | 3 4 5 6 7 9 11 12 | 12.0
Armour         | 4 5 6 7 8 9 |  9.1
Fighting       | 4 5 6 7 8 9 |  9.1
Shields        | 4 5 6 7 8 9 |  9.1

Action                   |  1- 3 |  4- 6 |  7- 9 | 10-12 || total
-------------------------+-------+-------+-------+-------++-------
Melee: War axe           |    50 |   103 |   165 |    37 ||   355
       Headbutt          |     4 |    22 |    28 |    13 ||    67
Throw: Dart              |     1 |       |    10 |       ||    11
  Use: Scroll            |     1 |     3 |     1 |       ||     5
       Potion            |       |       |     4 |       ||     4
 Stab: Invisible         |       |     1 |       |       ||     1
Armor: Plate armour      |    41 |    64 |   110 |    42 ||   257
       Scale mail        |     1 |       |       |       ||     1
Dodge: Dodged            |     8 |    42 |    50 |    20 ||   120
Block: Buckler           |    12 |    27 |    74 |    17 ||   130
